cohdb
Replays
Latest Replays
All Replays
Popular Replays
Top Player Replays
Match Explorer
How It Works
Community
CoH3 Stats
Reddit
Sign in to upload your games and track your stats! →
Sign in with Steam
Match 45743602
Unlisted
Match 45743602
Overview
Messages
Build Orders
End
Vickers Machine Gun Team
Construct Section Command Post
Selects Air and Sea Battlegroup
Dingo Light Scout Car
Infantry Section
Infantry Section
Construct Platoon Command Post
Selects Commando Section Paradrop
Selects M1 Pack Howitzer Paradrop
M1 Pack Howitzer Paradrop
Unlock M3 Stuart Light Tanks
M3 Stuart Light Tank
M3 Stuart Light Tank
Light Vehicle Training
Selects Supply Surplus
Construct Field Infirmary
Commando Section Paradrop
Commando Section Paradrop
Construct Company Command Post
Selects UNKNOWN (223837)
Selects Naval Bombardment
Naval Bombardment
Tehrum
Frostfire
The Nightmare
Domino's Pizza™
_Nemez_
.Рок-н-рольщик.
0
0
Comments
sign in to comment!
No comments posted yet!